 Dungeon Crawl Stone Soup version 0.27.0-1-g7a089689b8 (webtiles) character file.

Game seed: 13887109240321395642

19 Descartes the Shield-Bearer (level 2, 0/24 HPs)
             Began as a Formicid Fighter on Aug 1, 2021.
             Succumbed to a gnoll's poison
             ... on level 1 of the Dungeon.
             The game lasted 00:00:52 (557 turns).

Descartes the Shield-Bearer (Formicid Fighter)       Turns: 557, Time: 00:00:53

Health: 0/24       AC:  6    Str: 20    XL:     2   Next: 95%
Magic:  2/2        EV:  8    Int:  7    God:
Gold:   7          SH:  9    Dex: 10    Spells: 1/1 levels left

rFire    . . .     SeeInvis +   a - +0 long sword
rCold    . . .     Faith    .   c - +0 kite shield
rNeg     . . .     Spirit   .   b - +0 scale mail
rPois    .         Reflect  .   (helmet unavailable)
rElec    .         Harm     .   (no cloak)
rCorr    .         Rampage  .   (no gloves)
Will     .....                  (no boots)
Stlth    ..........             (no amulet)
HPRegen  0.08/turn              (no ring)
MPRegen  0.08/turn              (no ring)

@: lethally poisoned (0 -> -6)
A: permanent stasis, dig shafts and tunnels, antennae 3, four strong arms
a: Dig, Shaft Self


You were on level 1 of the Dungeon.
You visited 1 branch of the dungeon, and saw 1 of its levels.

You collected 7 gold pieces.

Inventory:

Hand Weapons
 a - a +0 long sword (weapon)
Armour
 b - a +0 scale mail (worn)
 c - a +0 kite shield (worn)
Scrolls
 e - 2 scrolls of identify {unknown}
 f - a scroll of summoning {unknown}
Potions
 d - a potion of might
 g - a potion of flight {unknown}


   Skills:
 + Level 3.6 Fighting
 + Level 2.3 Long Blades
 + Level 3.5 Armour
 + Level 3.9 Shields


You had one spell level left.
You didn't know any spells.
Your spell library was empty.

Dungeon Overview and Level Annotations

Branches:
Dungeon (1/15)

Altars:


Innate Abilities, Weirdness & Mutations

You cannot be hasted, slowed, berserked, paralysed or teleported.
You can dig through walls and to a lower floor.
You have a pair of large antennae on your head. (SInv)
Your four strong arms can wield two-handed weapons with a shield.


Message History

The gnoll barely misses you.
You barely miss the gnoll.
The gnoll is severely wounded.
The gnoll hits you with a +2 spear of venom.
You are poisoned.
The gnoll completely misses you.
You barely miss the gnoll.
The gnoll is severely wounded.
You feel very sick. You block the gnoll's attack.
You closely miss the gnoll.
The gnoll is heavily wounded.
You feel sick. You block the gnoll's attack. The gnoll barely misses you.
You hit the gnoll.
The gnoll is almost dead.
You feel sick.
The gnoll hits you with a +2 spear of venom!
You are too injured to fight recklessly!
You are too injured to fight recklessly!
You are too injured to fight recklessly!
You are too injured to fight recklessly!
You are too injured to fight recklessly!
You are too injured to fight recklessly!
You are too injured to fight recklessly!
You are too injured to fight recklessly!
You closely miss the gnoll.
The gnoll is almost dead.
You feel sick.
The gnoll hits you with a +2 spear of venom.
* * * LOW HITPOINT WARNING * * *
You are lethally poisoned!
You barely miss the gnoll.
The gnoll is almost dead.
* * * LOW HITPOINT WARNING * * *
You feel very sick. You block the gnoll's attack. x2
Unknown command.
You barely miss the gnoll.
The gnoll is almost dead.
You die...

#.#####... #.........
##+#+##..#......
#........#....
#........... ### .
+.........## ##..
..(#..........#######...
..............##........
......g@......#...⌠....#
..............#........#
#.............#........'
..............##########
.....$........'.........
..............##########
..##..........##########
.. #....................
....................


You could see a gnoll.

Vanquished Creatures
  An endoplasm (D:1)
  2 giant cockroaches (D:1)
  A goblin (D:1)
  A hobgoblin (D:1)
  4 jackals (D:1)
  2 ball pythons (D:1)
  3 frilled lizards (D:1)
  4 rats (D:1)
18 creatures vanquished.

Notes
Turn   | Place    | Note
-------+----------+-------------------------------------------
     0 | D:1      | Descartes the Formicid Fighter began the quest for the Orb.
     0 | D:1      | Reached XP level 1. HP: 18/18 MP: 1/1
   231 | D:1      | Reached XP level 2. HP: 20/24 MP: 2/2
   557 | D:1      | Succumbed to a gnoll's poison

Illustrated notes

Levels and vault maps discovered:
D:1:      giann_wishing_wells, layout_basic, st_stairs_9, grunt_decor_resistance

Action                   || total
-------------------------++-------
Melee: Long sword        ||    73
Armor: Scale mail        ||    34
Dodge: Dodged            ||    35
Block: Kite shield       ||    53
       Rpst.: Long sword ||     8
